 Dungeon Crawl Stone Soup version 0.21.1-1-g345015fe64 (webtiles) character file.

92 Peloso the Covered (level 4, -11/42 HPs)
             Began as a Deep Dwarf Fighter on Apr 22, 2018.
             Mangled by a gnoll
             ... wielding a +0 halberd of holy wrath
              (12 damage)
             ... on level 2 of the Dungeon.
             The game lasted 00:04:15 (1719 turns).

Peloso the Covered (Deep Dwarf Fighter)             Turns: 1719, Time: 00:04:16

Health: -11/42     AC:  7    Str: 21    XL:     4   Next: 35%
Magic:  4/4        EV:  7    Int:  8    God:
Gold:   76         SH:  9    Dex: 12    Spells: 3/3 levels left

rFire    . . .     SeeInvis .   a - +0 long sword
rCold    . . .     Gourm    .   c - +0 shield
rNeg     . . .     Faith    .   b - +0 scale mail
rPois    .         Spirit   .   (no helmet)
rElec    .         Reflect  .   (no cloak)
rCorr    .         Harm     .   (no gloves)
MR       .....                  (no boots)
Stlth    ..........             (no amulet)
HPRegen  0.00/turn              (no ring)
MPRegen  0.09/turn              (no ring)

@: non-regenerating
A: damage resistance, heal wounds, sense surroundings 1, no regeneration
a: Heal Wounds


You were on level 2 of the Dungeon.
You were hungry.

You visited 1 branch of the dungeon, and saw 3 of its levels.

You collected 76 gold pieces.

Inventory:

Hand Weapons
 a - a +0 long sword (weapon)
Armour
 b - a +0 scale mail (worn)
 c - a +0 shield (worn)
Scrolls
 l - 2 scrolls of teleportation {unknown}
 m - a scroll of enchant armour {unknown}
 n - a scroll of blinking {unknown}
 p - a scroll of identify
Potions
 d - a potion of might
 e - a potion of heal wounds {unknown}
 g - 2 potions of cancellation
 h - a potion of degeneration {unknown}
 i - a potion of brilliance {unknown}
 j - 3 potions of agility
 k - a potion of flight {unknown}
Comestibles
 f - 5 rations


   Skills:
 + Level 3.0 Fighting
 + Level 2.6 Long Blades
 + Level 4.3 Armour
 + Level 0.3 Dodging
 + Level 4.1 Shields


You had 3 spell levels left.
You didn't know any spells.

Dungeon Overview and Level Annotations

Branches:
Dungeon (3/15)

Altars:
Ru
Trog


Innate Abilities, Weirdness & Mutations

You are resistant to damage.
You can heal yourself by infusing magical energy.
You passively map a small area around you.
You do not regenerate.


Message History

You climb upwards.
There is a stone staircase leading down here.
You barely miss the gnoll.
The gnoll hits you with a halberd of holy wrath.
You hit the gnoll.
The gnoll is moderately wounded.
You block the gnoll's attack.
You completely miss the gnoll.
The gnoll is moderately wounded.
The gnoll hits you with a halberd of holy wrath!
You closely miss the gnoll.
The gnoll is lightly wounded.
The gnoll hits you with a halberd of holy wrath!
* * * LOW HITPOINT WARNING * * *
You hit the gnoll.
The gnoll is heavily wounded.
The gnoll hits you with a halberd of holy wrath!
* * * LOW HITPOINT WARNING * * *
The gnoll hits you with a halberd of holy wrath!
You die...

#.#
###.....#......##
#####.#####
#...>.....####.#
..†.......#
#.#.....### #.#
#####.###.#
#.#....## #.# #
##.# #.# #.#.#.##
#.## ## #..# #.#
#.#.#.# #..#
.###.####.#
#.#.#.# ##.#
..........#
#g#.#.## #.#
.......##.#
#@#....# #.#
..##....#.#
#.###.<### #.#
...<......# #.#
#....# #.#
####....#.######.#
##.#.# #.# #
#.#.##.#......#
#.#.# #.# #
#......#.######
#.#.# #.# #
####.#.#.# ##.#.#
#.# #######.#.#.#
#..#.# #.#
............#
#.##.# #.#


You could see a gnoll.

Vanquished Creatures
  3 adders (D:2)
  3 oozes
  4 worms
  2 dart slugs (D:1)
  A leopard gecko (D:1)
  A ball python (D:3)
  2 giant cockroaches
  6 goblins
  2 hobgoblins
  4 kobolds
  8 bats
  3 frilled lizards (D:1)
  A rat (D:1)
40 creatures vanquished.

Notes
Turn   | Place    | Note
-------+----------+-------------------------------------------
     0 | D:1      | Peloso the Deep Dwarf Fighter began the quest for the Orb.
     0 | D:1      | Reached XP level 1. HP: 20/20 MP: 1/1
   231 | D:1      | Reached XP level 2. HP: 22/27 MP: 2/2
   477 | D:1      | Reached XP level 3. HP: 21/33 MP: 3/3
   692 | D:1      | You fall through a shaft!
   892 | D:2      | Found a sacrificial altar of Ru.
   978 | D:2      | Found a bloodstained altar of Trog.
  1239 | D:2      | Reached XP level 4. HP: 27/42 MP: 4/4
  1719 | D:2      | HP: 1/42 [gnoll/halberd of holy wrath (7)]
  1719 | D:2      | Mangled by a gnoll

Skill      XL: |  1  2  3  4 |
---------------+-------------+-----
Fighting       | 3 |  3.0
Armour         | 4 |  4.3
Shields        | 4 |  4.1
Long Blades    | |  2.6
Dodging        | |  0.3

Action                   |  1- 3 |  4- 6 || total
-------------------------+-------+-------++-------
Melee: Long sword        |   115 |    48 ||   163
  Use: Scroll            |     5 |     1 ||     6
       Potion            |     1 |       ||     1
  Eat: Chunk             |       |     2 ||     2
Armor: Scale mail        |    52 |    22 ||    74
Dodge: Dodged            |    32 |    10 ||    42
Block: Shield            |    67 |    25 ||    92
       Rpst.: Long sword |    13 |     1 ||    14
